 Dungeon Crawl Stone Soup version 0.29-a0-271-gd4eb659eea (webtiles) character file.

Game seed: 18315906403590434264

10 frimble the Skirmisher (level 2, -1/25 HPs)
             Began as a Djinni Cinder Acolyte on Mar 8, 2022.
             Was a High Priest of Ignis.
             Slain by a jackal (3 damage)
             ... on level 1 of the Dungeon.
             The game lasted 00:00:20 (244 turns).

frimble the Skirmisher (Djinni Cinder Acolyte)       Turns: 244, Time: 00:00:20

Health: -1/25      AC:  2    Str: 13    XL:     2   Next: 30%
Gold:   2          EV: 11    Int: 15    God:    Ignis [*****.] SH:  0 Dex:  8

rFire   + + +      SeeInvis .     - Unarmed
rCold   x . .      Faith    .   (no shield)
rNeg    . . .      Spirit   .   a - +0 robe
rPois   ∞          Reflect  .   (no helmet)
rElec   .          Harm     .   (no cloak)
rCorr   .          Rampage  .   (no gloves)
Will    .....                   (boots unavailable)
Stlth   +.........              (no amulet)
HPRegen 0.08/turn               (no ring)
MPRegen 0.00/turn               (no ring)

@: flying
A: sickness immunity, fire resistance 2, cold vulnerability 1, float, innate
caster, HP casting, extra vitality 1
a: Renounce Religion, Fiery Armour, Foxfire Swarm, Rising Flame


You were on level 1 of the Dungeon.
You worshipped Ignis.
Ignis was extremely pleased with you.
You visited 1 branch of the dungeon, and saw 1 of its levels.

You collected 2 gold pieces.

Inventory:

Armour
 a - a +0 robe (worn)
Scrolls
 b - a scroll of identify {unknown}
 c - a scroll of blinking {unknown}


   Skills:
 + Level 3.2 Fighting
 + Level 3.2 Unarmed Combat
 + Level 2.5 Spellcasting


You had 4 spell levels left.
You knew the following spells:

 Your Spells              Type           Power      Damage    Failure   Level
a - Scorch                Fire           18%        2d5       11%         2
Your spell library was empty.

Dungeon Overview and Level Annotations

Branches:
Dungeon (1/15)

Altars:


Innate Abilities, Weirdness & Mutations

You are immune to sickness and miasma.
You are immune to poison.
Your flesh is very heat resistant. (rF++)
You are vulnerable to cold. (rC-)
You float through the air rather than walking.
You learn spells naturally, not from books.
Your magical power is your life essence.
You have superior vitality. (+4 MHP)


Message History

You kill the jackal!
You hear a shout!
A jackal comes into view.
The jackal bites you but does no damage.
The jackal closely misses you.
The jackal moves out of view.
You see here a jackal corpse.
You hit the jackal but do no damage. You punch the jackal, but do no damage.
The jackal completely misses you. The jackal bites you.
You miss the jackal. The jackal bites you. x3
The jackal completely misses you.
Casting: Scorch (safe; 11% risk of failure)
Confirm with . or Enter, or press ? or * to list all spells.
Flames lash the jackal.
You kill the jackal!
You hear a bark!
The jackal bites you. The jackal bites you. The jackal barely misses you.
The jackal bites you but does no damage.
The jackal closely misses you.
The jackal bites you. x2; The jackal misses you.
The jackal bites you but does no damage.
The jackal bites you. The jackal barely misses you.
The jackal closely misses you. The jackal bites you. The jackal bites you.
* * * LOW HITPOINT WARNING * * *
The jackal closely misses you. x2; The jackal bites you.
* * * LOW HITPOINT WARNING * * *
The jackal completely misses you. The jackal bites you.
* * * LOW HITPOINT WARNING * * *
The jackal bites you.
* * * LOW HITPOINT WARNING * * *
The jackal bites you.
* * * LOW HITPOINT WARNING * * *
A rat comes into view.
The jackal barely misses you. The jackal completely misses you.
The jackal bites you.
* * * LOW HITPOINT WARNING * * *
The jackal bites you.
You die...

.. #r # #. .
.#. ..# ####
#.# .....
##h##..###
######†@h......
.........####.#
.. #######.##
#.. #...# ##..
#.### ..#
####.# #.#
##....#
#.####..####
+## #...†..##


You could see 2 jackals and a rat.

Vanquished Creatures
  A dart slug (D:1)
  2 giant cockroaches (D:1)
  2 jackals (D:1)
  3 rats (D:1)
8 creatures vanquished.

Notes
Turn   | Place    | Note
-------+----------+-------------------------------------------
     0 | D:1      | frimble the Djinni Cinder Acolyte began the quest for the
                  | Orb.
     0 | D:1      | Reached XP level 1. HP: 20/20 MP: 0/0
   141 | D:1      | Reached XP level 2. HP: 19/25 MP: 0/0
   244 | D:1      | Slain by a jackal

Illustrated notes

Levels and vault maps discovered:
D:1:      dpeg_arrival_prison, layout_rooms, st_stairs_10

Action                   || total
-------------------------++-------
Melee: Unarmed           ||    27
       Punch             ||     3
 Cast: Scorch            ||     1
Armor: Robe              ||     8
Dodge: Dodged            ||    28

Table legend: (Time is in decaauts)
 A = Elapsed time spent in this place.
 B = Non-inter-level travel time spent in this place.
 C = Inter-level travel time spent in this place.
 D = Time resting spent in this place.
 E = Time spent auto-exploring this place.
 F = Levels seen in this place.
 G = Mean time per level.
                   A        B        C        D        E       F      G
               +--------+--------+--------+--------+--------+-----+--------+
         Total |    242 |    242 |      0 |      0 |    181 |   1 |  242.0 |
       Dungeon |    242 |    242 |      0 |      0 |    181 |   1 |  242.0 |
               +--------+--------+--------+--------+--------+-----+--------+

Top non-repeatable levels by time:
     D:1: 242 daAuts
